 Dungeon Crawl Stone Soup version 0.29.1-2-gbd0b4ee654 (webtiles) character file.

Game seed: 9693795991004064715

387 mortz the Chopper (level 6, -6/39 HPs)
             Began as a Gargoyle Berserker on Oct 30, 2022.
             Was a Believer of Trog.
             Mangled by Crazy Yiuf
             ... wielding a +2 quarterstaff of chaos
              (7 damage)
             ... on level 3 of the Dungeon.
             The game lasted 00:13:51 (3039 turns).

mortz the Chopper (Gargoyle Berserker)              Turns: 3039, Time: 00:13:53

Health: -6/39      AC: 11    Str: 23    XL:     6   Next: 78%
Magic:  14/15      EV: 10    Int:  7    God:    Trog [**....]
Gold:   197        SH:  3    Dex:  9    Spells: 5/5 levels left

rFire   . . .      SeeInvis .   k - +0 war axe
rCold   . . .      Faith    .   i - +0 buckler
rNeg    + . .      Spirit   .   g - +0 scale mail
rPois   ∞          Reflect  .   (no helmet)
rElec   +          Harm     .   (no cloak)
rCorr   .          Rampage  .   (no gloves)
Will    .....                   (no boots)
Stlth   ..........              f - amulet of the acrobat
HPRegen 0.13/turn               l - ring of magical power
MPRegen 0.14/turn               (no ring)

@: slowed, very slow
A: sickness immunity, AC +4, negative energy resistance 1, electricity
resistance, torment resistance 1, petrification resistance
a: Renounce Religion, Berserk, Trog's Hand


You were on level 3 of the Dungeon.
You worshipped Trog.
Trog was pleased with you.
You visited 1 branch of the dungeon, and saw 3 of its levels.

You collected 197 gold pieces.

Inventory:

Hand Weapons
 a - a +0 hand axe
 d - a +0 dagger
 j - a +0 dagger of electrocution
 k - a +0 war axe (weapon)
Missiles
 c - a boomerang of dispersal
 h - 6 poisoned darts (quivered)
Armour
 g - a +0 scale mail (worn)
 i - a +0 buckler (worn)
 n - a +2 robe of positive energy
Jewellery
 f - an amulet of the acrobat (around neck)
 l - a ring of magical power (left hand)
Scrolls
 b - a scroll of vulnerability {unknown}
 o - a scroll of enchant weapon {unknown}
 p - 2 scrolls of identify
Potions
 e - a potion of magic {unknown}
 m - a potion of berserk rage {unknown}
 q - a potion of mutation {unknown}


   Skills:
 + Level 4.5 Fighting
 + Level 5.0 Axes
 + Level 3.8 Armour
 + Level 2.3 Dodging
 + Level 0.3 Stealth
 + Level 0.9 Shields


You had 5 spell levels left.
You didn't know any spells.
Your spell library was empty.

Dungeon Overview and Level Annotations

Branches:
Dungeon (3/15) Zot: 14886

Altars:

Annotations:
D:3 Crazy Yiuf


Innate Abilities, Weirdness & Mutations

You are immune to sickness and miasma.
Your stone body is resilient. (AC +4)
You are immune to poison.
You resist negative energy. (rN+)
You are resistant to electric shocks. (rElec)
You are resistant to unholy torment.
You are immune to petrification.


Message History

Found a spear.
You see here a +0 spear.
p - a scroll of identify The hobgoblin shouts!
The hobgoblin misses you.
You slash the hobgoblin!
You kill the hobgoblin!
Trog accepts your kill.
q - a coppery potion;
p - 2 scrolls of identify (gained 1)
You now have 197 gold pieces (gained 25).
Things that are here:
a +0 spear of pain; a +0 robe; a hobgoblin corpse
Okay, then.
Found a runed translucent door.
Found a shimmering hammer.
Crazy Yiuf shouts!
Crazy Yiuf grits, "Walk poople chair!"
Found two hammers.
You open the door. You hit Crazy Yiuf but do no damage.
Crazy Yiuf closely misses you.
Crazy Yiuf hits you with a +2 quarterstaff of chaos!
You feel yourself slow down.
You barely miss Crazy Yiuf. Crazy Yiuf closely misses you.
Crazy Yiuf completely misses you.
You completely miss Crazy Yiuf.
Crazy Yiuf hits you with a +2 quarterstaff of chaos.
Crazy Yiuf freezes you.
Crazy Yiuf hits you with a +2 quarterstaff of chaos!
You closely miss Crazy Yiuf.
Crazy Yiuf hits you with a +2 quarterstaff of chaos!
* * * LOW HITPOINT WARNING * * *
Crazy Yiuf freezes you.
* * * LOW HITPOINT WARNING * * *
You slash Crazy Yiuf!
Crazy Yiuf is heavily wounded.
Crazy Yiuf hits you with a +2 quarterstaff of chaos.
* * * LOW HITPOINT WARNING * * *
You feel your power leaking away.
Crazy Yiuf hits you with a +2 quarterstaff of chaos!
You die...

..###......#####..########
...##......# #...)#
...........# #....#
.########..# ##..)#
........#..# ##.##
#######....# ##.#
###........# #.##
....#####..# ##.# #####
#..# #@## #..# #g# #..#
..) #### #.))# #)..# #####


You could see Crazy Yiuf.

Vanquished Creatures
  Grinder (D:3)
  An orc priest (D:3)
  Jessica (D:3)
  4 adders
  An adder zombie (D:2)
  An adder skeleton (D:2)
  3 worms
  3 dart slugs (D:2)
  5 orcs (D:3)
  9 bats
  A bat skeleton (D:2)
  A bat zombie (D:2)
  5 endoplasms
  2 giant cockroaches (D:2)
  8 goblins
  2 hobgoblins
  4 quokkas
  4 ball pythons
  A ball python skeleton (D:2)
  7 frilled lizards
  A jackal zombie (D:2)
  7 kobolds
  4 rats
76 creatures vanquished.

Vanquished Creatures (others)
  3 fungi (D:3)
  5 plants (D:3)
  A withered plant (D:2)
9 creatures vanquished.

Grand Total: 85 creatures vanquished

Notes
Turn   | Place    | Note
-------+----------+-------------------------------------------
     0 | D:1      | mortz the Gargoyle Berserker began the quest for the Orb.
     0 | D:1      | Reached XP level 1. HP: 14/14 MP: 1/1
   237 | D:1      | Reached XP level 2. HP: 19/19 MP: 2/2
   262 | D:1      | Reached skill level 3 in Axes
  1147 | D:1      | Found a faded altar of an unknown god.
  1147 | D:1      | Noticed an Executioner
  1419 | D:2      | Reached XP level 3. HP: 24/24 MP: 3/3
  1489 | D:2      | Reached ** piety under Trog
  1623 | D:2      | Reached XP level 4. HP: 23/29 MP: 4/4
  2101 | D:3      | Reached skill level 4 in Axes
  2101 | D:3      | Reached XP level 5. HP: 24/33 MP: 5/5
  2299 | D:3      | Noticed Grinder
  2309 | D:3      | Paralysed by Grinder for 4 turns
  2324 | D:3      | Killed Grinder
  2325 | D:3      | Reached XP level 6. HP: 3/39 MP: 6/6
  2749 | D:3      | Noticed Jessica
  2771 | D:3      | Killed Jessica
  2772 | D:3      | Reached skill level 5 in Axes
  3030 | D:3      | Found a runed translucent door.
  3031 | D:3      | Noticed Crazy Yiuf
  3039 | D:3      | HP: 1/39 [Crazy Yiuf/+2 quarterstaff of chaos (2)]
  3039 | D:3      | Mangled by Crazy Yiuf

Illustrated notes

Levels and vault maps discovered:
D:1:      psy_arrival_basics, layout_basic,
          dreamdust_ecumenical_altar_sealed_demon, minivault_23
D:2:      layout_rooms, serial_undead, serial_undead_e, serial_undead_c,
          serial_undead_b, serial_undead_b
D:3:      layout_rooms, grunt_ministairs_7, serial_bayou_ford_a, uniq_grinder,
          uniq_crazy_yiuf_cottage, uniq_jessica

Skill      XL: |  1  2  3  4  5  6 |
---------------+-------------------+-----
Axes           | 3 4 5 |  5.0
Dodging        | 2 |  2.3
Fighting       | 4 |  4.5
Armour         | 3 |  3.8
Stealth        | |  0.3
Shields        | |  0.9

Action                   |  1- 3 |  4- 6 || total
-------------------------+-------+-------++-------
Melee: Hand axe          |   129 |     2 ||   131
       War axe           |       |   111 ||   111
Invok: Berserk           |       |     1 ||     1
       Trog's Hand       |       |     2 ||     2
  Use: Scroll            |     2 |     2 ||     4
 Stab: Sleeping          |     1 |       ||     1
Armor: Animal skin       |     5 |       ||     5
       Scale mail        |    60 |    48 ||   108
Dodge: Dodged            |    98 |    44 ||   142
Block: Buckler           |     1 |     9 ||    10
